 Dungeon Crawl Stone Soup version 0.25-b1-37-g2669288c55 (webtiles) character file.

Game seed: 14971508302925764911

5670 gruber the Destroyer (level 10, 0/69 HPs)
             Began as a Purple Draconian Conjurer on June 6, 2020.
             Was a Follower of Vehumet.
             Killed from afar by Josephine (36 damage)
             ... with a ghostly fireball
             ... on level 10 of the Dungeon.
             The game lasted 00:18:34 (11234 turns).

gruber the Destroyer (Purple Draconian Conjurer)   Turns: 11234, Time: 00:18:34

Health: 0/69       AC: 10    Str: 10    XL:     10   Next: 47%
Magic:  5/20       EV: 11    Int: 25    God:    Vehumet [*.....]
Gold:   409        SH:  0    Dex: 12    Spells: 12/23 levels left

rFire    . . .     SeeInvis .   Q - +3 falchion (freeze)
rCold    . . .     Gourm    .   (no shield)
rNeg     . . .     Faith    .   (armour unavailable)
rPois    .         Spirit   .   (helmet restricted)
rElec    .         Reflect  .   J - +0 cloak
rCorr    .         Harm     .   (no gloves)
MR       +....                  s - +1 pair of boots
Stlth    +.........             n - amulet of regeneration
HPRegen  0.61/turn              w - +6 ring of intelligence
MPRegen  0.17/turn              (no ring)

@: heavily drained
A: breathe power, unfitting armour, cold-blooded, AC +7
a: Breathe Dispelling Energy, Renounce Religion


You were on level 10 of the Dungeon.
You worshipped Vehumet.
Vehumet was aware of your devotion.
You were very hungry.

You visited 2 branches of the dungeon, and saw 11 of its levels.
You also visited: Sewer.

You collected 433 gold pieces.
You spent 24 gold pieces at shops.

Inventory:

Hand Weapons
 Q - a +3 falchion of freezing (weapon)
Missiles
 v - 4 atropa-tipped darts (quivered)
 G - 13 curare-tipped darts
 H - 3 datura-tipped darts
Armour
 s - a +1 pair of boots (worn)
 J - a +0 cloak (worn)
Jewellery
 n - an amulet of regeneration (around neck)
 w - a +6 ring of intelligence (left hand)
 F - a cursed amulet of inaccuracy
 M - a cursed amulet of inaccuracy
Wands
 p - a wand of random effects (32)
 y - a wand of digging (7)
 E - a wand of flame (12)
 I - a wand of polymorph (2)
 P - a wand of disintegration (14)
Scrolls
 a - a scroll of enchant weapon {unknown}
 e - 2 scrolls of noise {unknown}
 f - a scroll of blinking {unknown}
 g - 10 scrolls of identify {unknown}
 i - 2 scrolls of random uselessness {unknown}
 j - 5 scrolls of enchant armour
 o - a scroll of fog {unknown}
 q - 3 scrolls of amnesia {unknown}
 x - 6 scrolls of teleportation {unknown}
 A - 3 scrolls of magic mapping {unknown}
 B - 5 scrolls of remove curse {unknown}
 C - 2 scrolls of fear {unknown}
 K - 3 scrolls of immolation {unknown}
 O - a scroll of brand weapon {unknown}
Potions
 c - 4 potions of curing {unknown}
 d - 2 potions of flight {unknown}
 h - 4 potions of mutation {unknown}
 k - a potion of haste {unknown}
 l - 2 potions of degeneration {unknown}
 m - 9 potions of might
 r - a potion of invisibility {unknown}
 t - 5 potions of heal wounds {unknown}
 u - 2 potions of brilliance {unknown}
 z - 4 potions of stabbing {unknown}
 D - a potion of lignification {unknown}
Comestibles
 b - 20 rations


   Skills:
 - Level 1.7(0.6) Dodging
 - Level 1.7(0.6) Stealth
 - Level 7.1(5.8) Spellcasting
 - Level 13.0(11.4) Conjurations
 * Level 7.4(6.0) Hexes


You had 12 spell levels left.
You knew the following spells:

 Your Spells              Type           Power        Failure   Level  Hunger
a - Magic Dart            Conj           ####         1%          1    None
b - Searing Ray           Conj           ######       1%          2    None
c - Dazzling Flash        Conj/Hex       ######       1%          3    #......
d - Tukima's Dance        Hex            #####...     1%          3    #......
e - Ensorcelled Hibernat  Hex/Ice        ###...       3%          2    None

Your spell library contained the following spells:

 Spells                   Type           Power        Failure   Level  Hunger
 Shock                    Conj/Air       ####         1%          1    None
 Corona                   Hex            #####..      1%          1    None
 Confusing Touch          Hex            #####...     1%          3    #......
 Fulminant Prism          Conj/Hex       ######....   1%          4    ###....
 Iskenderun's Mystic Bla  Conj/Tloc      #####...     8%          4    ###....


Dungeon Overview and Level Annotations

Branches:
Dungeon (10/15)            Temple (1/1) D:6           Sewer (visited)
   Lair: D:8-11         Orc: D:9-12

Altars:
Cheibriados
Dithmenos
Elyvilon
Fedhas
Kikubaaqudgha
Makhleb
Nemelex Xobeh
Okawaru
Qazlal
Ru
Uskayaw
Vehumet
Yredelemnul
The Shining One

Shops:
D:9 =

Annotations:
D:9 Gastronok
D:10 Josephine


Innate Abilities, Weirdness & Mutations

You can breathe bolts of dispelling energy.
Your rich purple scales are hard. (AC +7)
You cannot fit into any form of body armour.
You are cold-blooded and may be slowed by cold attacks.


Message History

The searing ray hits the wraith!
The wraith is heavily damaged. (Press . to maintain the ray.) Josephine hits you.
Unknown command.
Unknown command.
The searing ray hits Josephine!
Josephine is heavily wounded.
The searing ray hits the wraith!
The wraith is severely damaged.
Josephine hits you!
Your -3 dagger hits Josephine.
The searing ray hits Josephine!
Josephine is severely wounded.
The searing ray hits the wraith!
The wraith is almost destroyed.
Josephine points at you and mumbles some strange words.
The ghostly flame explodes!
The ghostly fireball engulfs you!!!
You feel drained.
Ouch! That really hurt!
You die...

.. ... W .W. #. #.#
#.##.## #...Wo #....#
#..W.#######
#..WW##....#
#...WW@@...#
################(...#
[...........# #....#
###########.# #....#
#.# #....# #.# #....#
##### #.######.##
....# #........#
.##.# ##########


You could see Josephine, 4 wraiths and a friendly -3 dagger.

Vanquished Creatures
  A two-headed ogre (D:9)
  Pikel (D:6)
  Grinder (D:4)
  2 hippogriffs (D:8)
  A spriggan (D:7)
  Eustachio (D:5)
  Edmund (D:5)
  2 orc warriors
  A slave (D:6)
  4 sky beasts
  2 ice beasts (D:6)
  A phantom (D:6)
  4 ogres
  3 centaurs
  3 bullfrogs
  4 big kobolds (Sewer)
  Blork the orc (D:4)
  A water moccasin skeleton (D:5)
  3 scorpions
  6 wights
  A howler monkey (D:5)
  2 crimson imps (D:7)
  3 centaur zombies
  3 jellies
  2 bullfrog skeletons
  An orc priest (D:7)
  A centaur skeleton (D:5)
  Ijyb (D:5)
  5 iguanas
  Terence (D:3)
  8 orc wizards
  3 worker ants
  A killer bee zombie (D:9)
  A mummy (D:4)
  A howler monkey zombie (D:7)
  7 river rats
  19 adders
  2 shadow imps
  An adder zombie (D:8)
  4 adder skeletons
  6 worms
  5 dart slugs
  4 leopard geckos
  14 orcs
  6 ball pythons
  7 bats
  7 giant cockroaches
  5 goblins
  12 hobgoblins
  9 jackals
  18 kobolds
  7 quokkas
  6 frilled lizards
  A quokka skeleton (D:5)
  A quokka zombie (D:6)
  33 rats
251 creatures vanquished.

Vanquished Creatures (others)
  A hound (D:6)
1 creature vanquished.

Grand Total: 252 creatures vanquished

Notes
Turn   | Place    | Note
-------+----------+-------------------------------------------
     0 | D:1      | gruber the Draconian Conjurer began the quest for the Orb.
     0 | D:1      | Reached XP level 1. HP: 14/14 MP: 3/3
   402 | D:1      | Reached XP level 2. HP: 20/20 MP: 0/5
   976 | D:1      | Reached skill level 5 in Conjurations
   983 | D:1      | Reached XP level 3. HP: 25/26 MP: 0/6
  1429 | D:2      | Learned a level 2 spell: Searing Ray
  1433 | D:2      | Learned a level 3 spell: Dazzling Flash
  2224 | D:2      | Reached XP level 4. HP: 33/33 MP: 2/7
  2725 | D:3      | Reached skill level 6 in Conjurations
  2867 | D:3      | Noticed Terence
  2895 | D:3      | Killed Terence
  3267 | D:3      | Reached XP level 5. HP: 33/38 MP: 0/9
  4047 | D:4      | Noticed Grinder
  4055 | D:4      | Killed Grinder
  4055 | D:4      | Reached XP level 6. HP: 33/45 MP: 1/13
  4068 | D:4      | Noticed Blork the orc
  4123 | D:4      | Killed Blork the orc
  4123 | D:4      | Reached skill level 5 in Spellcasting
  4203 | D:4      | Found a glowing drain.
  4215 | Sewer    | Entered a sewer
  4364 | Sewer    | Your scales start taking on a rich purple colour.
  4364 | Sewer    | Reached XP level 7. HP: 50/50 MP: 7/17
  4839 | Sewer    | Reached skill level 7 in Conjurations
  5964 | D:5      | Entered Level 5 of the Dungeon
  5981 | D:5      | Reached skill level 8 in Conjurations
  5981 | D:5      | Reached XP level 8. HP: 44/57 MP: 14/18
  6230 | D:5      | Found a basalt altar of Yredelemnul.
  6245 | D:5      | Noticed Ijyb
  6253 | D:5      | Killed Ijyb
  6534 | D:5      | Noticed Eustachio
  6543 | D:5      | Killed Eustachio
  6543 | D:5      | Reached skill level 9 in Conjurations
  6855 | D:5      | Noticed Edmund
  6889 | D:5      | Killed Edmund
  6889 | D:5      | Reached skill level 10 in Conjurations
  7791 | D:6      | Reached XP level 9. HP: 62/62 MP: 14/19
  7964 | D:6      | Reached skill level 11 in Conjurations
  8088 | D:6      | Found a staircase to the Ecumenical Temple.
  8151 | D:6      | Noticed Pikel
  8161 | D:6      | Killed Pikel
  8344 | Temple   | Entered the Ecumenical Temple
  8378 | Temple   | Became a worshipper of Vehumet
  8691 | D:7      | Reached skill level 12 in Conjurations
  8871 | D:7      | Learned a level 3 spell: Tukima's Dance
  9507 | D:7      | Reached skill level 13 in Conjurations
  9619 | D:8      | Reached * piety under Vehumet
  9619 | D:8      | Offered knowledge of Shock by Vehumet.
  9721 | D:8      | Reached skill level 1 in Hexes
  9832 | D:8      | Reached XP level 10. HP: 64/69 MP: 15/20
 10193 | D:8      | Reached skill level 5 in Hexes
 10636 | D:9      | Noticed a two-headed ogre
 10642 | D:9      | Killed a two-headed ogre
 10789 | D:9      | Noticed Gastronok
 10869 | D:9      | Learned a level 2 spell: Ensorcelled Hibernation
 10892 | D:9      | Found a white marble altar of Elyvilon.
 10944 | D:9      | Found Tieprij's Jewellery Shoppe.
 10955 | D:9      | Bought a cursed amulet of inaccuracy for 24 gold pieces
 11057 | D:10     | Entered Level 10 of the Dungeon
 11217 | D:10     | Noticed Josephine
 11234 | D:10     | Killed from afar by Josephine

Illustrated notes

Levels and vault maps discovered:
D:1:      mrwooster_arrival_arrow, layout_basic, hangedman_decor_peaks_small
D:2:      layout_loops_ring
D:3:      layout_basic, first_ration, uniq_terence
D:4:      layout_basic, lightli_sewer_entry_pipes, gup_ossuary_entry_pyramid,
          uniq_blork_the_orc, uniq_grinder
D:5:      layout_basic, minivault_25, yredelemnul_altar_generic, uniq_ijyb,
          uniq_edmund, uniq_eustachio
D:6:      layout_loops_ring, temple_green, uniq_pikel
D:7:      layout_rooms, the_bakery
D:8:      layout_basic
D:9:      layout_roguey, kennysheep_mini, serial_shops, shop,
          grunt_ministairs_4, uniq_gastronok
D:10:     layout_basic, dpeg_oklobed_lair, serial_shops, shop, uniq_josephine
Temple:   regret_index_temple_sigil_plot

Skill      XL: |  1  2  3  4  5  6  7  8  9 10 |
---------------+-------------------------------+-----
Conjurations   | 5 6 8 10 13 | 13.0
Spellcasting   | 4 7 |  7.1
Hexes          | 2 7 |  7.4
Dodging        | |  1.7
Stealth        | |  1.7

Action                   |  1- 3 |  4- 6 |  7- 9 | 10-12 || total
-------------------------+-------+-------+-------+-------++-------
Melee: Unarmed           |    25 |    11 |    24 |       ||    60
       Tailslap          |     4 |     1 |     2 |     1 ||     8
       Dire flail        |       |       |    15 |       ||    15
       Whip              |       |       |    26 |       ||    26
       Falchion          |       |       |       |     5 ||     5
 Cast: Magic Dart        |    76 |    37 |    36 |     2 ||   151
       Searing Ray       |     5 |    22 |    87 |    28 ||   142
       Dazzling Flash    |       |       |     2 |     5 ||     7
       Tukima's Dance    |       |       |       |     4 ||     4
 Abil: Breathe Dispellin |       |       |       |     1 ||     1
Evoke: Wand              |       |       |       |     1 ||     1
  Use: Scroll            |       |       |       |     1 ||     1
 Stab: Sleeping          |       |     1 |     2 |       ||     3
  Eat: Chunk             |     5 |     5 |    14 |     3 ||    27
       Ration            |       |     1 |     1 |       ||     2
Armor: Skin              |    13 |    15 |    55 |    18 ||   101
Dodge: Dodged            |    19 |    41 |   107 |    41 ||   208
       Rpst.: Falchion   |       |       |       |    11 ||    11
